 Dungeon Crawl Stone Soup version 0.29.0-4-gdea44cf6ec (webtiles) character file.

Game seed: 10379042639745116404

1872 qw the Cleaver (level 8, -4/70 HPs)
             Began as a Minotaur Fighter on Sept 4, 2022.
             Was an Initiate of Ru.
             Slain by Edmund
             ... wielding a +4 flail of holy wrath
              (5 damage)
             ... on level 6 of the Dungeon.
             The game lasted 00:02:18 (5331 turns).

qw the Cleaver (Minotaur Fighter)                   Turns: 5331, Time: 00:02:19

Health: -4/70      AC: 10    Str: 24    XL:     8   Next: 91%
Magic:  7/7        EV:  8    Int:  5    God:    Ru [......]
Gold:   427        SH:  4    Dex:  9    Spells: 7/7 levels left

rFire   + . .      SeeInvis .   Y - +1 war axe
rCold   + . .      Faith    .   c - +0 buckler
rNeg    . . .      Spirit   .   g - +0 chain mail
rPois   .          Reflect  .   (helmet restricted)
rElec   .          Harm     .   h - scarf {rC+ rF+}
rCorr   .          Rampage  .   b - +0 pair of gloves
Will    .....                   (no boots)
Stlth   ..........              (no amulet)
HPRegen 0.21/turn               (no ring)
MPRegen 0.10/turn               (no ring)

@: lethally poisoned (-4 -> -18), about to teleport, slowed, very slow
A: horns 2, retaliatory headbutt
a: Renounce Religion


You were on level 6 of the Dungeon.
You worshipped Ru.
Ru was noncommittal.
You visited 2 branches of the dungeon, and saw 7 of its levels.

You collected 427 gold pieces.


Innate Abilities, Weirdness & Mutations

You have a pair of horns on your head.
You reflexively headbutt those who attack you in melee.


   Skills:
 + Level 6.1 Fighting
 - Level 12.0 Axes
 - Level 1.8 Throwing
 - Level 4.3 Armour
 - Level 2.4 Dodging
 - Level 4.2 Shields


You had 7 spell levels left.
You didn't know any spells.
Your spell library was empty.

Inventory:

Hand Weapons
 k - a +0 flail
 Y - a +1 war axe (weapon)
Missiles
 f - a boomerang (quivered)
Armour
 b - a +0 pair of gloves (worn)
 c - a +0 buckler (worn)
 g - a +0 chain mail (worn)
 h - a scarf of resistance (worn)
 m - a +0 cloak
Scrolls
 a - a scroll of identify
Potions
 d - a potion of might
 e - 3 potions of heal wounds
 j - a potion of haste
 l - a potion of curing
 n - a potion of mutation {unknown}
 o - a potion of lignification {unknown}

Dungeon Overview and Level Annotations

Branches:
Dungeon (6/15)             Temple (1/1) D:5

Altars:
Dithmenos
Elyvilon
Gozag
Kikubaaqudgha
Makhleb
Nemelex Xobeh
Qazlal
Ru
Sif Muna
Vehumet
Wu Jian
Xom
Yredelemnul
Zin
The Shining One

Annotations:
D:6 Edmund


Message History

You slash the gnoll!
You kill the gnoll!
Your surroundings suddenly seem different.
Edmund, an adder and a hornet come into view.
Edmund is wielding a +4 flail of holy wrath.
Found a rapier and 12 gold pieces.
Found a stone staircase leading up.
Edmund shouts!
The adder hisses angrily.
The hornet buzzes angrily.
You hear an angry hiss.
A scorpion comes into view.
Enter note: An adder comes into view.
You miss the adder. Your headbutt misses the adder.
You block the adder's attack. The adder bites you.
You are poisoned.
The adder poisons you!
You barely miss the hornet. Your headbutt misses the hornet.
You miss the adder.
You feel sick. The hornet closely misses you. The adder bites you.
You closely miss the hornet. You hit the adder.
You feel sick. The hornet stings you.
You are more poisoned.
You feel yourself slow down. The adder bites you but does no damage.
The hornet closely misses you. You furiously retaliate!
You headbutt the hornet. You closely miss the hornet.
Your headbutt misses the hornet.
The hornet is lightly wounded.
You closely miss the adder.
You feel very sick. The hornet stings you!
You are more poisoned.
You feel as though you will be slow longer.
The adder bites you but does no damage. You block the hornet's attack.
The adder closely misses you. You furiously retaliate!
You headbutt the adder, but do no damage.
5331 ||| READING scroll of teleportation.
As you read the scroll of teleportation, it crumbles to dust.
You feel strangely unstable.
You feel very sick.
The hornet stings you but does no damage.
The adder barely misses you. The adder bites you but does no damage.
Edmund hits you with a +4 flail of holy wrath.
You die...

.....<.....#
..........#
##........##
#..........#
#.......$..#
#...s......#
#...Sy.....#
#..S@@.....#
##........##
##......##
########


You could see Edmund, a hornet, a scorpion and 2 adders.

Vanquished Creatures
  Duvessa (D:4)
  A black bear (D:5)
  An orc warrior (D:6)
  An ogre (D:4)
  3 phantoms
  2 kobold brigands (D:6)
  A necrophage (D:4)
  A gnoll sergeant (D:6)
  3 scorpions
  Dowan (D:4)
  A vampire bat (D:4)
  4 hounds
  2 jellies
  2 orc priests
  2 iguanas
  7 orc wizards
  6 adders
  3 gnolls (D:6)
  A white imp (D:5)
  3 worms
  2 dart slugs
  3 fire bats (D:4)
  24 orcs
  2 spectral bats (D:4)
  3 bat skeletons (D:4)
  A bat zombie (D:4)
  3 endoplasms
  3 giant cockroaches
  7 goblins
  5 hobgoblins
  5 quokkas
  10 ball pythons
  13 bats
  A bat simulacrum (D:4)
  3 frilled lizards
  11 kobolds
  5 rats
147 creatures vanquished.

Notes
Turn   | Place    | Note
-------+----------+-------------------------------------------
     0 | D:1      | qw the Minotaur Fighter began the quest for the Orb.
     0 | D:1      | Reached XP level 1. HP: 19/19 MP: 0/0
     0 | D:1      | 0 ||| qw: Version: 0.1-a-103-gd6f5d3a
     0 | D:1      | 0 ||| qw: Game counter: 5532
     0 | D:1      | 0 ||| qw: Always use a shield: true
     0 | D:1      | 0 ||| qw: God list: Ru
     0 | D:1      | 0 ||| qw: Allow faded altars: false
     0 | D:1      | 0 ||| qw: Do Orc after D:15 true
     0 | D:1      | 0 ||| qw: Do second Lair branch before Depths: true
     0 | D:1      | 0 ||| qw: Lair rune preference: random
     0 | D:1      | 0 ||| qw: Plans: Normal
     0 | D:1      | 0 ||| PLANNING D:1-11
    78 | D:1      | 78 ||| Stepping ~*~*~tactically~*~*~ (stealth).
   109 | D:1      | Reached skill level 3 in Axes
   211 | D:1      | Reached XP level 2. HP: 24/26 MP: 1/1
   240 | D:1      | 240 ||| Stepping ~*~*~tactically~*~*~ (stealth).
   295 | D:1      | 295 ||| DROPPING +0 club.
   567 | D:1      | Found a faded altar of an unknown god.
   697 | D:1      | Reached skill level 4 in Axes
   735 | D:1      | 735 ||| READING 3 scrolls labelled BEPIKL OCWATAE.
   736 | D:1      | 736 ||| READING 2 scrolls of identify.
   736 | D:1      | 736 ||| IDENTIFYING orange potion
   935 | D:2      | Reached XP level 3. HP: 29/31 MP: 2/2
  1013 | D:2      | 1013 ||| Stepping ~*~*~tactically~*~*~ (hiding).
  1131 | D:2      | 1131 ||| Stepping ~*~*~tactically~*~*~ (stealth).
  1350 | D:2      | 1350 ||| READING 2 scrolls labelled NOOB PUMUVU.
  1351 | D:2      | 1351 ||| READING 2 scrolls labelled JIGUIMM VUCIK.
  1352 | D:2      | 1352 ||| READING scroll labelled SOAZEL GEKIQEC.
  1353 | D:2      | 1353 ||| READING scroll labelled BUDESU ARITH.
  1357 | D:2      | 1357 ||| READING scroll labelled HUOTHE CINUMODD.
  1358 | D:2      | 1358 ||| READING 2 scrolls of identify.
  1358 | D:2      | 1358 ||| IDENTIFYING inky potion
  1359 | D:2      | 1359 ||| DROPPING potion of attraction.
  1360 | D:2      | 1360 ||| DROPPING scroll of magic mapping.
  1361 | D:2      | 1361 ||| DROPPING scroll of blinking.
  1400 | D:3      | Found a white marble altar of Elyvilon.
  1446 | D:3      | 1446 ||| Stepping ~*~*~tactically~*~*~ (stealth).
  1454 | D:3      | Reached skill level 5 in Axes
  1726 | D:3      | Reached skill level 1 in Dodging
  1726 | D:3      | Reached XP level 4. HP: 38/39 MP: 3/3
  1850 | D:3      | 1850 ||| READING scroll labelled LABBEO QEABEF.
  1851 | D:3      | 1851 ||| DRINKING 2 sedimented silvery potions.
  1866 | D:3      | 1866 ||| READING 2 scrolls of identify.
  1866 | D:3      | 1866 ||| IDENTIFYING viscous black potion
  1867 | D:3      | 1867 ||| DROPPING potion of berserk rage.
  2052 | D:3      | Found a glowing silver altar of Zin.
  2052 | D:3      | Found a glowing golden altar of the Shining One.
  2084 | D:3      | 2084 ||| Stepping ~*~*~tactically~*~*~ (hiding).
  2096 | D:3      | Reached skill level 6 in Axes
  2184 | D:3      | Reached XP level 5. HP: 28/45 MP: 4/4
  2408 | D:3      | 2408 ||| READING scroll labelled WALOIC OTREORA.
  2409 | D:3      | 2409 ||| READING 2 scrolls of identify.
  2409 | D:3      | 2409 ||| IDENTIFYING smoky clear potion
  2410 | D:3      | 2410 ||| DROPPING potion of magic.
  2411 | D:3      | 2411 ||| DROPPING potion of degeneration.
  2469 | D:4      | 2469 ||| Stepping ~*~*~tactically~*~*~ (stealth).
  2502 | D:4      | 2502 ||| Stepping ~*~*~tactically~*~*~ (hiding).
  2518 | D:4      | Reached skill level 7 in Axes
  2662 | D:4      | 2662 ||| DROPPING +0 whip.
  2664 | D:4      | 2664 ||| Stepping ~*~*~tactically~*~*~ (stealth).
  2669 | D:4      | 2669 ||| Stepping ~*~*~tactically~*~*~ (hiding).
  2679 | D:4      | Reached XP level 6. HP: 52/52 MP: 5/5
  2687 | D:4      | 2687 ||| FLEEEEING.
  2698 | D:4      | 2698 ||| FLEEEEING.
  2699 | D:4      | 2699 ||| FLEEEEING.
  2700 | D:4      | 2700 ||| Stepping ~*~*~tactically~*~*~ (stealth).
  2771 | D:4      | 2771 ||| Stepping ~*~*~tactically~*~*~ (stealth).
  2772 | D:4      | 2772 ||| Stepping ~*~*~tactically~*~*~ (stealth).
  2829 | D:4      | 2829 ||| Stepping ~*~*~tactically~*~*~ (stealth).
  2834 | D:4      | Reached skill level 8 in Axes
  2885 | D:4      | Reached XP level 7. HP: 30/59 MP: 6/6
  3167 | D:4      | Noticed Duvessa
  3168 | D:4      | 3168 ||| Stepping ~*~*~tactically~*~*~ (stealth).
  3170 | D:4      | Noticed Dowan
  3182 | D:4      | Killed Dowan
  3183 | D:4      | Reached skill level 9 in Axes
  3185 | D:4      | Killed Duvessa
  3453 | D:4      | 3453 ||| Stepping ~*~*~tactically~*~*~ (stealth).
  3454 | D:4      | 3454 ||| Stepping ~*~*~tactically~*~*~ (stealth).
  3944 | D:4      | 3944 ||| UPGRADING to +0 chain mail.
  3954 | D:4      | 3954 ||| DROPPING +0 scale mail.
  3955 | D:4      | 3955 ||| UPGRADING to scarf of resistance.
  3960 | D:4      | 3960 ||| READING scroll labelled VOCORU CUIGITWEICW.
  3961 | D:4      | 3961 ||| READING scroll labelled MARGHIU KALU.
  4102 | D:4      | 4102 ||| READING 3 scrolls of identify.
  4102 | D:4      | 4102 ||| IDENTIFYING bubbling brown potion
  4103 | D:4      | 4103 ||| READING 2 scrolls of identify.
  4103 | D:4      | 4103 ||| IDENTIFYING bubbling ruby potion
  4118 | D:5      | Entered Level 5 of the Dungeon
  4128 | D:5      | Reached skill level 10 in Axes
  4138 | D:5      | Reached skill level 1 in Throwing
  4196 | D:5      | 4196 ||| Stepping ~*~*~tactically~*~*~ (hiding).
  4201 | D:5      | 4201 ||| Stepping ~*~*~tactically~*~*~ (stealth).
  4215 | D:5      | Reached XP level 8. HP: 64/70 MP: 7/7
  4271 | D:5      | Reached skill level 6 in Fighting
  4370 | D:5      | Found a staircase to the Ecumenical Temple.
  4371 | D:5      | 4371 ||| PLANNING TEMPLE
  4371 | D:5      | 4371 ||| UPGRADING to +0 pair of gloves.
  4383 | Temple   | Entered the Ecumenical Temple
  4422 | Temple   | Became a worshipper of Ru the Awakened
  4423 | Temple   | 4423 ||| READING 3 scrolls of teleportation.
  4424 | Temple   | 4424 ||| PLANNING D:1-11
  4444 | D:5      | 4444 ||| Stepping ~*~*~tactically~*~*~ (stealth).
  4451 | D:5      | 4451 ||| Stepping ~*~*~tactically~*~*~ (stealth).
  4543 | D:5      | 4543 ||| Stepping ~*~*~tactically~*~*~ (stealth).
  4546 | D:5      | 4546 ||| Stepping ~*~*~tactically~*~*~ (hiding).
  4788 | D:5      | Found a shimmering blue altar of Sif Muna.
  4881 | D:6      | 4881 ||| STAIRDANCE
  4888 | D:6      | 4888 ||| STAIRDANCE
  4891 | D:5      | Reached skill level 11 in Axes
  4909 | D:6      | 4909 ||| STAIRDANCE
  5003 | D:6      | 5003 ||| Stepping ~*~*~tactically~*~*~ (stealth).
  5004 | D:6      | 5004 ||| Stepping ~*~*~tactically~*~*~ (stealth).
  5023 | D:6      | 5023 ||| Stepping ~*~*~tactically~*~*~ (stealth).
  5034 | D:6      | 5034 ||| FLEEEEING.
  5035 | D:6      | 5035 ||| FLEEEEING.
  5064 | D:6      | 5064 ||| FLEEEEING.
  5065 | D:6      | 5065 ||| FLEEEEING.
  5066 | D:6      | 5066 ||| FLEEEEING.
  5067 | D:6      | 5067 ||| FLEEEEING.
  5068 | D:6      | 5068 ||| FLEEEEING.
  5069 | D:6      | 5069 ||| FLEEEEING.
  5070 | D:6      | 5070 ||| FLEEEEING.
  5071 | D:6      | 5071 ||| FLEEEEING.
  5072 | D:6      | 5072 ||| FLEEEEING.
  5073 | D:6      | 5073 ||| FLEEEEING.
  5074 | D:6      | 5074 ||| FLEEEEING.
  5075 | D:6      | 5075 ||| FLEEEEING.
  5076 | D:6      | 5076 ||| STAIRDANCE
  5302 | D:6      | 5302 ||| Stepping ~*~*~tactically~*~*~ (stealth).
  5305 | D:6      | 5305 ||| Stepping ~*~*~tactically~*~*~ (hiding).
  5308 | D:6      | 5308 ||| Stepping ~*~*~tactically~*~*~ (hiding).
  5321 | D:6      | HP: 12/70 [gnoll/+2 halberd of flaming[a gnoll sergeant]
                  | (11)]
  5322 | D:6      | 5322 ||| READING 2 scrolls of teleportation.
  5323 | D:6      | 5323 ||| DRINKING 4 potions of heal wounds.
  5325 | D:6      | Reached skill level 12 in Axes
  5325 | D:6      | Noticed Edmund
  5325 | D:6      | Noticed a hornet
  5330 | D:6      | HP: 14/70 [poisoned by a hornet]
  5330 | D:6      | HP: 6/70 [hornet (8)]
  5331 | D:6      | 5331 ||| READING scroll of teleportation.
  5331 | D:6      | HP: 1/70 [poisoned by a hornet]
  5331 | D:6      | Slain by Edmund

Levels and vault maps discovered:
D:1:      scummos_arrival_forest, layout_basic, basic_ecumenical_altar,
          minmay_misc_feat_doors
D:2:      layout_loops_ring, minmay_pentomino_q4
D:3:      layout_loops_ring, dreamdust_divine_triumvirate, wad_orctagon
D:4:      layout_loops_cross, goddamned_bats, uniq_duvessa
D:5:      layout_rooms, kennysheep_orc_sif_temple,
          minmay_temple_entry_mini_moons, kennysheep_generic_room_10
D:6:      cheibrodos_thug_alley, layout_rooms, serial_shops, nicolae_shop_trees,
          uniq_edmund
Temple:   nicolae_temple_ecumenical_triangle

Skill      XL: |  1  2  3  4  5  6  7  8 |
---------------+-------------------------+-----
Axes           | 3 4 5 6 7 8 10 12 | 12.0
Dodging        | 1 2 |  2.4
Fighting       | 4 5 6 |  6.1
Throwing       | 1 |  1.8
Armour         | 4 |  4.3
Shields        | 4 |  4.2

Action                   |  1- 3 |  4- 6 |  7- 9 || total
-------------------------+-------+-------+-------++-------
Melee: War axe           |    77 |    65 |   161 ||   303
       Headbutt          |    11 |    10 |    26 ||    47
Throw: Boomerang         |       |    20 |    48 ||    68
  Use: Scroll            |     8 |     4 |     7 ||    19
       Potion            |       |     1 |     1 ||     2
Armor: Scale mail        |    27 |    23 |    35 ||    85
       Chain mail        |       |       |    58 ||    58
Dodge: Dodged            |    20 |    18 |    69 ||   107
Block: Buckler           |    16 |    13 |    38 ||    67

Table legend:
 A = Non-vault XP
 B = Vault XP
 C = Vault XP percentage of total XP
 D = Non-vault monster count
 E = Vault monster count
 F = Vault count percentage of total count
                 A         B        C        D         E       F
            +---------+---------+-------+---------+---------+-------
      Total |    2273 |     402 |  15.0 |     115 |      32 |  21.8
            +---------+---------+-------+---------+---------+-------
        D:1 |      30 |       0 |   0.0 |      21 |       0 |   0.0
        D:2 |      29 |       7 |  19.4 |       8 |       4 |  33.3
        D:3 |     118 |      12 |   9.2 |      18 |       4 |  18.2
        D:4 |     631 |     378 |  37.5 |      25 |      22 |  46.8
        D:5 |     665 |       5 |   0.7 |      26 |       2 |   7.1
        D:6 |     800 |       0 |   0.0 |      17 |       0 |   0.0
            +---------+---------+-------+---------+---------+-------
